 Dungeon Crawl Stone Soup version 0.21.1-1-g345015f (webtiles) character file.

53 theblackcape the Sneak (level 3, 0/16 HPs)
             Began as a Felid Wanderer on June 4, 2018.
             Succumbed to an adder's poison
             ... on level 2 of the Dungeon.
             The game lasted 00:08:22 (1979 turns).

theblackcape the Sneak (Felid Wanderer)             Turns: 1979, Time: 00:08:22

Health: 0/16       AC:  1    Str:  6    XL:     3   Next: 62%
Magic:  4/4        EV: 20    Int: 12    God:
Gold:   161        SH:  0    Dex: 19    Spells: 2/2 levels left
                                        Lives:  0   Deaths: 0

rFire    . . .     SeeInvis +     - Unarmed
rCold    . . .     Gourm    .   (shield unavailable)
rNeg     . . .     Faith    .   (armour unavailable)
rPois    .         Spirit   .   (helmet unavailable)
rElec    .         Reflect  .   (cloak unavailable)
rCorr    .         Harm     .   (gloves unavailable)
MR       .....                  (boots unavailable)
Stlth    +++.......             (no amulet)
HPRegen  0.05/turn              (no ring)
MPRegen  0.09/turn              (no ring)

@: lethally poisoned (0 -> -14), quick
A: very small, no armour, no weapons or thrown items, stealth, claws 1, fangs 3,
see invisible, carnivore, speed 1, shaggy fur 1, slow metabolism 1, sharp paws
a: no special abilities


You were on level 2 of the Dungeon.
You were full.

You visited 1 branch of the dungeon, and saw 4 of its levels.

You collected 161 gold pieces.

Inventory:

Jewellery
 f - an uncursed ring of positive energy {unknown}
Scrolls
 a - a scroll of teleportation
 d - 2 scrolls of remove curse {unknown}
 e - 2 scrolls of identify {unknown}
 g - a scroll of fear {unknown}
 j - a scroll of fog {unknown}
Potions
 b - a potion of curing
 h - a potion of lignification {unknown}
 i - 2 potions of degeneration {unknown}
Comestibles
 c - 3 rations


   Skills:
 + Level 2.1 Fighting
 + Level 4.3 Dodging
 * Level 4.4 Stealth
 + Level 3.2 Unarmed Combat
   Level 1.1 Evocations


You had 2 spell levels left.
You didn't know any spells.

Dungeon Overview and Level Annotations

Branches:
Dungeon (4/15)
 Temple: D:4-7

Altars:
Gozag


Innate Abilities, Weirdness & Mutations

You cannot wear armour.
You are incapable of wielding weapons or throwing items.
Your paws allow you to move quietly. (Stealth)
You have sharp claws.
You have razor-sharp teeth.
You have supernaturally acute eyesight. (SInv)
You are carnivorous and can eat meat at any time.
You cover ground quickly.
You are covered in fur. (AC +1)
You have a slow metabolism.
Your sharp claws are effective at attacking unaware monsters.


Message History

You scratch the adder but do no damage.
The adder is moderately wounded.
The adder bites you.
You are more poisoned.
The adder poisons you!
You closely miss the adder.
The adder is moderately wounded.
You feel sick. The adder completely misses you.
You scratch the adder.
The adder is heavily wounded.
* * * LOW HITPOINT WARNING * * *
You feel sick. The adder closely misses you. The adder misses you.
You barely miss the adder.
The adder is moderately wounded.
* * * LOW HITPOINT WARNING * * *
You feel sick. The adder bites you.
* * * LOW HITPOINT WARNING * * *
You miss the adder.
The adder is moderately wounded.
You die...

#########
#<.......
#.######. #.#
###############.#
................#
.....#.##########
.....#.#
#########.#
.....#..
#..@S.....#
.....####
#.#.#######.#
.....#
#.......#...
.....#
###.###.#.#.##
.....#
#............#
#....
#.#.###.#.#..#
#... #.#.#
#.#.#..# ... #
#.###.#.#..#
#..........#


You could see an adder.

Vanquished Creatures
  2 adders
  3 giant cockroaches
  5 goblins
  4 hobgoblins
  4 jackals (D:1)
  A quokka (D:2)
  5 bats
  A frilled lizard (D:1)
  7 kobolds
  3 rats
35 creatures vanquished.

Notes
Turn   | Place    | Note
-------+----------+-------------------------------------------
     0 | D:1      | theblackcape the Felid Wanderer began the quest for the Orb.
     0 | D:1      | theblackcape set off with: a scroll of teleportation, a potion of curing, a ration
     0 | D:1      | Reached XP level 1. HP: 9/9 MP: 2/2
   447 | D:1      | Reached XP level 2. HP: 8/13 MP: 3/3
  1470 | D:3      | Reached XP level 3. HP: 4/16 MP: 4/4
  1862 | D:2      | Found an opulent altar of Gozag.
  1979 | D:2      | Succumbed to an adder's poison

Skill      XL: |  1  2 |
---------------+-------+-----
Stealth        | 3 4 |  4.4
Fighting       | |  2.1
Dodging        | |  4.3
Unarmed Combat | |  3.2
Evocations     | |  1.1

Action                   || total
-------------------------++-------
Melee: Unarmed           ||   155
       Bite              ||    14
  Use: Potion            ||     1
 Stab: Sleeping          ||     5
  Eat: Chunk             ||     6
Armor: Skin              ||    15
Dodge: Dodged            ||   170
